AoeStats
← Chiripa605

Oasis

509156871Analyzed
4v4 RM · 5d ago on Sep 25, 2026· 13m 41s· 8 players
Game mode
Random Map
Map size
Large (8 player)
Population
200
Speed
Normal
Resources
Standard
Victory
Conquest
Starting age
Dark Age
Ending age
Imperial Age
RankedLock teamsTeams togetherTeam positionsShared explorationLock speedFull tech treeHidden civsTurbo modeCheats
Victory
Defeat
🇦🇹 Magyars · Austria
1375
+15
🇳🇴 Ethiopians · Norway
1343
+16
🇺🇸 Saracens · United States
1331
+17
🇺🇸 Franks · United States
1318
+17
🇮🇳 Berbers · India
1376
-17
🇺🇸 Maya · United States
1373
-18
🇨🇳 Franks · China
1328
-15
🇧🇷 Saracens · Brazil
1313
-15
WALLUP | debrijja
6:00 Loom
8:49 Feudal Age
13:43 Fletching
WALLUP | Flimby16
6:13 Loom
9:21 Feudal Age
9:55 Double-Bit Axe
KRYPTAERNN
7:20 Loom
10:02 Feudal Age
11:19 Double-Bit Axe
Listiger
6:47 Loom
9:23 Feudal Age
10:04 Double-Bit Axe
10:07 Horse Collar
Chiripa605
0:28 Loom
10:17 Feudal Age
11:12 Double-Bit Axe
FreakinGorkha
6:24 Loom
8:53 Feudal Age
9:27 Double-Bit Axe
默默发育
11:40 Feudal Age
grain8720
10:03 Feudal Age
Connection lost

Rejoining the realm…

Still unreachable

The connection could not be restored.

Session expired

The server has moved on; the page needs a fresh start.